 Dungeon Crawl Stone Soup version 0.24.0-123-gd5b16e6ec5 (webtiles) character file.

Game seed: 16080591644251785307, levelgen mode: deterministic

9416 Amplified the Geomancer (level 11, -8/108 HPs)
             Began as a Deep Dwarf Earth Elementalist on Dec 29, 2019.
             Was a Believer of Makhleb.
             Mangled by a red ugly thing (15 damage)
             ... on level 12 of the Dungeon on Dec 30, 2019.
             The game lasted 00:36:17 (12386 turns).

Amplified the Geomancer (DDEE)                     Turns: 12386, Time: 00:36:17

Health: -8/108     AC:  5    Str: 22    XL:     11   Next: 22%
Magic:  1/21       EV: 15    Int: 18    God:    Makhleb [**....]
Gold:   77         SH:  5    Dex: 13    Spells: 9/24 levels left

rFire    . . .     SeeInvis +   s - +6 quarterstaff of Cowardice {freeze, Str+4}
rCold    . . .     Gourm    .   (shield currently unavailable)
rNeg     . . .     Faith    .   c - +0 robe
rPois    +         Spirit   .   e - +2 helmet
rElec    .         Reflect  +   (no cloak)
rCorr    .         Harm     .   (no gloves)
MR       +....                  (no boots)
Stlth    ++........             r - +5 amulet of reflection
HPRegen  0.00/turn              i - +5 ring of strength
MPRegen  0.17/turn              h - +3 ring of evasion

@: non-regenerating
A: damage resistance, heal wounds, see invisible, sense surroundings 2, poison
resistance, no regeneration
a: Heal Wounds, Minor Destruction, Renounce Religion


You were on level 12 of the Dungeon.
You worshipped Makhleb.
Makhleb was pleased with you.
You were hungry.

You visited 2 branches of the dungeon, and saw 13 of its levels.

You collected 530 gold pieces.
You spent 453 gold pieces at shops.

Inventory:

Hand Weapons
 s - the +6 quarterstaff of Cowardice (weapon) {freeze, Str+4}
   (You found it on level 6 of the Dungeon)

   It has been specially enchanted to freeze those struck by it, causing extra
   injury to most foes and up to half again as much damage against particularly
   susceptible opponents.
   It can also slow down cold-blooded creatures.
   It affects your strength (+4).
Missiles
 g - 77 stones (quivered)
 m - 66 sling bullets
 q - 37 poisoned darts
 u - 4 datura-tipped darts
 x - 2 throwing nets
Armour
 c - a +0 robe (worn)
 e - a +2 helmet (worn)
Jewellery
 a - an uncursed ring of wizardry
 h - a +3 ring of evasion (right hand)
 i - a +5 ring of strength (left hand)
 j - an uncursed amulet of the gourmand
 r - a +5 amulet of reflection (around neck)
 y - an uncursed amulet of the acrobat {unknown}
Wands
 p - a wand of digging (2)
 v - a wand of enslavement (10)
 A - a wand of polymorph (9)
Scrolls
 b - 2 scrolls of amnesia
 l - 3 scrolls of enchant armour
 n - 3 scrolls of remove curse
Potions
 f - 2 potions of brilliance
 t - a potion of cancellation
 w - a potion of lignification
Miscellaneous
 o - a lamp of fire (inert)
Comestibles
 d - 21 rations
 k - 3 chunks of flesh


   Skills:
 * Level 10.1 Fighting
 - Level 2.1 Dodging
 - Level 2.4 Stealth
 * Level 7.2 Spellcasting
 - Level 0.8 Transmutations
 * Level 14.2 Earth Magic


You had 9 spell levels left.
You knew the following spells:

 Your Spells              Type           Power        Failure   Level  Hunger
a - Sandblast             Erth           ######       1%          1    None
b - Passwall              Tmut/Erth      ####....     1%          2    None
c - Stone Arrow           Conj/Erth      ####..       1%          3    ##.....
d - Lee's Rapid Deconstr  Erth           ######....   1%          5    #####..
e - Petrify               Tmut/Erth      ####....     4%          4    ####...

Your spell library contained the following spells:

 Spells                   Type           Power        Failure   Level  Hunger
 Freeze                   Ice            #...         11%         1    None
 Shock                    Conj/Air       #...         11%         1    None
 Swiftness                Chrm/Air       #.......     16%         2    None
 Throw Frost              Conj/Ice       #.....       16%         2    None
 Ozocubu's Armour         Chrm/Ice       #.......     32%         3    ##.....
 Static Discharge         Conj/Air       #.......     32%         3    ##.....
 Airstrike                Air            #.........   71%         4    ####...
 Summon Ice Beast         Ice/Summ       #.......     71%         4    ####...
 Throw Icicle             Conj/Ice       #.......     71%         4    ####...
 Lightning Bolt           Conj/Air       #.........   96%         5    #####..


Dungeon Overview and Level Annotations

Branches:
Dungeon (12/15)            Temple (1/1) D:4            Lair (0/6) D:11
    Orc (0/2) D:11

Altars:
Ashenzari
Cheibriados
Dithmenos
Elyvilon
Fedhas
Gozag
Hepliaklqana
Kikubaaqudgha
Makhleb
Nemelex Xobeh
Okawaru
Qazlal
Ru
Sif Muna
Uskayaw
Vehumet
Wu Jian
Xom
Yredelemnul
Zin
The Shining One

Shops:
D:4 =   D:8 ?

Annotations:
D:7 exclusion: statue
D:10 Snorg


Innate Abilities, Weirdness & Mutations

You are resistant to damage.
You can heal yourself by infusing magical energy.
You passively map the area around you.
You do not regenerate.
You have supernaturally acute eyesight. (SInv)
Your system is resistant to poisons. (rPois)


Message History

Confirm with . or Enter, or press ? or * to list all spells.
Aiming: Sandblast (safe; 1% risk of failure)
Press: ? - help, Shift-Dir - straight line, f/p - red ugly thing
Aim: a red ugly thing (heavily wounded, petrified)
The blast of sand hits the red ugly thing!
The red ugly thing is heavily wounded.
g - 77 stones Evoke which item? (* to show all) (? for menu, Esc to quit)
Okay, then.
The red ugly thing is no longer petrified.
The red ugly thing bites you.
* * * LOW HITPOINT WARNING * * *
You are engulfed in flames!!
* * * LOW HITPOINT WARNING * * *
You sock the red ugly thing! You freeze the red ugly thing.
The red ugly thing is severely wounded.
The red ugly thing bites you.
* * * LOW HITPOINT WARNING * * *
You are engulfed in flames!
You die...

.................. ,, ,
................. , ,
####.##########.. , , , #.# #.#*
** * #)# #.# #†# #.#
####.##########.#
...............u################
................@..............#
....######..#######..#########.#
##..# #..# #..# #.# #..# #..#
#..# #.# #..######..# #..# #.#
#..........# #.># #.#
############ #### ###


You could see a red ugly thing.

Vanquished Creatures
  A two-headed ogre (D:9)
  2 polar bears (D:9)
  A troll (D:10)
  A hornet (D:8)
  Prince Ribbit (D:5)
  3 hippogriffs
  Sigmund (D:5)
  A wyvern (D:8)
  A yak (D:9)
  2 basilisks
  5 hungry ghosts
  2 water moccasins
  A soldier ant (D:10)
  2 orc warriors
  9 ice beasts
  2 sky beasts
  3 black bears
  4 ogres
  A centaur (D:6)
  A big kobold (D:7)
  A gnoll sergeant (D:9)
  6 bullfrogs
  3 scorpions
  A water moccasin skeleton (D:11)
  A killer bee (D:8)
  15 wights
  2 electric eels (D:9)
  3 howler monkeys
  5 crimson imps
  A bullfrog zombie (D:5)
  A hound (D:9)
  5 jellies
  2 centaur skeletons
  5 orc priests
  11 orc wizards
  3 bullfrog skeletons
  5 iguanas
  9 worker ants
  A hound zombie (D:5)
  6 hound skeletons
  2 howler monkey zombies
  A worker ant zombie (D:5)
  12 gnolls
  12 adders
  2 shadow imps
  4 white imps (D:9)
  2 worker ant simulacra (D:9)
  An ufetubus (D:9)
  An adder zombie (D:9)
  An adder skeleton (D:4)
  A worm (D:3)
  2 dart slugs
  5 leopard geckos
  50 orcs
  5 giant cockroaches
  7 goblins
  8 hobgoblins
  6 jackals
  5 kobolds (D:7)
  5 quokkas
  2 ball pythons
  4 bats
  6 frilled lizards
  A giant cockroach zombie (D:5)
  A quokka skeleton (D:9)
  5 rats
281 creatures vanquished.

Vanquished Creatures (collateral kills)
  An orc wizard (D:12)
  A shadow imp (D:11)
  An orc (D:12)
3 creatures vanquished.

Vanquished Creatures (others)
  A cyclops (D:9)
  A crocodile (D:12)
  An orc (D:12)
  A bush (D:6)
4 creatures vanquished.

Grand Total: 288 creatures vanquished

Notes
Turn   | Place    | Note
-------+----------+-------------------------------------------
     0 | D:1      | Amplified the Deep Dwarf Earth Elementalist began the quest
                  | for the Orb.
     0 | D:1      | Reached XP level 1. HP: 15/15 MP: 3/3
   457 | D:1      | Reached skill level 1 in Fighting
   457 | D:1      | Reached XP level 2. HP: 25/25 MP: 1/4
  1131 | D:2      | Reached XP level 3. HP: 23/31 MP: 3/5
  1184 | D:2      | Learned a level 2 spell: Passwall
  1199 | D:2      | Reached skill level 5 in Earth Magic
  1335 | D:2      | Found an ancient bone altar of Kikubaaqudgha.
  1408 | D:2      | Reached XP level 4. HP: 23/39 MP: 3/6
  1707 | D:3      | Found a glowing golden altar of the Shining One.
  1780 | D:3      | Learned a level 3 spell: Stone Arrow
  2081 | D:4      | Reached skill level 6 in Earth Magic
  2081 | D:4      | Reached XP level 5. HP: 25/48 MP: 3/7
  2341 | D:3      | Found a sacrificial altar of Ru.
  2381 | D:3      | Gained mutation: You have supernaturally acute eyesight.
                  | (SInv) [potion of mutation]
  2381 | D:3      | Gained mutation: Your system is resistant to poisons.
                  | (rPois) [potion of mutation]
  2794 | D:4      | Found a staircase to the Ecumenical Temple.
  2817 | Temple   | Entered the Ecumenical Temple
  2933 | D:4      | Reached skill level 7 in Earth Magic
  2933 | D:4      | Reached XP level 6. HP: 38/57 MP: 5/8
  3252 | D:4      | Found a glowing silver altar of Zin.
  3290 | D:5      | Entered Level 5 of the Dungeon
  3530 | D:5      | Noticed Sigmund
  3551 | D:5      | Noticed Prince Ribbit
  3616 | D:5      | Reached skill level 8 in Earth Magic
  3616 | D:5      | Reached XP level 7. HP: 24/66 MP: 6/9
  3624 | D:5      | Found a transporter.
  3635 | D:5      | Found a snail-covered altar of Cheibriados.
  3636 | D:5      | Noticed a basilisk
  3645 | D:5      | Found a transporter.
  3768 | D:5      | Killed Prince Ribbit
  3768 | D:5      | Reached skill level 5 in Fighting
  3972 | D:5      | Killed Sigmund
  3972 | D:5      | Reached skill level 9 in Earth Magic
  4220 | D:6      | Reached XP level 8. HP: 52/76 MP: 7/10
  4380 | D:7      | Noticed a hippogriff
  4591 | D:6      | Reached skill level 10 in Earth Magic
  4784 | D:6      | Got a warped quarterstaff
  4785 | D:6      | Identified the +6 quarterstaff of Cowardice {freeze, Str+4}
                  | (You found it on level 6 of the Dungeon)
  5179 | D:4      | Found Ywel's Jewellery Shop.
  5909 | D:7      | Noticed a +0 dagger
  5910 | D:7      | Found a hide-covered altar of Uskayaw.
  5910 | D:7      | Noticed a +0 dagger
  5912 | D:7      | Reached skill level 11 in Earth Magic
  5951 | D:7      | Gained mutation: You passively map the area around you.
                  | [Deep Dwarf growth]
  5951 | D:7      | Reached XP level 9. HP: 26/86 MP: 3/13
  5957 | D:7      | Found an ornate altar of the Wu Jian Council.
  6309 | D:7      | Found a radiant altar of Vehumet.
  6448 | D:7      | Learned a level 5 spell: Lee's Rapid Deconstruction
  6588 | D:8      | Found Waar's Magic Scroll Shoppe.
  6810 | D:9      | Found a burning altar of Makhleb.
  6812 | D:9      | Found a shimmering altar of Xom.
  6818 | D:9      | Became a worshipper of Makhleb the Destroyer
  7123 | D:9      | Found an opulent altar of Gozag.
  7138 | D:9      | Learned a level 4 spell: Petrify
  7153 | D:9      | Noticed a polar bear
  7623 | D:9      | Reached skill level 12 in Earth Magic
  7729 | D:10     | Entered Level 10 of the Dungeon
  7917 | D:9      | Noticed a polar bear
  7989 | D:10     | Noticed a cyan ugly thing
  8273 | D:11     | Found a staircase to the Lair.
  8665 | D:10     | Reached skill level 5 in Spellcasting
  8986 | D:9      | Reached * piety under Makhleb
  9074 | D:9      | Reached XP level 10. HP: 15/98 MP: 11/17
 10084 | D:7      | Reached skill level 13 in Earth Magic
 10673 | D:4      | Bought a +5 amulet of reflection for 453 gold pieces
 10762 | D:8      | Reached ** piety under Makhleb
 11173 | D:9      | Found a shimmering blue altar of Sif Muna.
 11450 | D:9      | Noticed a two-headed ogre
 11472 | D:9      | Killed a two-headed ogre
 11584 | D:9      | Noticed a cyclops
 11615 | D:9      | Reached XP level 11. HP: 72/108 MP: 8/21
 11832 | D:10     | Reached skill level 14 in Earth Magic
 11894 | D:10     | Noticed Snorg
 11945 | D:11     | Noticed a four-headed hydra
 11990 | D:11     | Reached skill level 10 in Fighting
 12160 | D:11     | Found a staircase to the Orcish Mines.
 12370 | D:12     | Noticed a red ugly thing
 12386 | D:12     | Mangled by a red ugly thing

Levels and vault maps discovered:
D:1:      nzn_arrival_water_spiral, layout_basic
D:2:      layout_loops_ring, kiku_gazebo_garden_becter
D:3:      layout_rooms, old_standard_altar, marbit_many_paths, first_ration,
          minmay_cut_off
D:4:      layout_basic, zin_statuary, minmay_temple_entry_wispy, serial_shops,
          nicolae_shop_behind_doors
D:5:      layout_basic, gammafunk_temple_overflow_arena, uniq_sigmund,
          uniq_prince_ribbit1
D:6:      layout_loops_ring, minmay_hedge_maze
D:7:      layout_gridville, lemuel_doored_altar, vehumet_statue,
          dancing_weapons_uskayaw, grunt_ogre_cave
D:8:      layout_basic, serial_shops, shop, minmay_fractal_squares_5
D:9:      minmay_slanted_spiral_squares, layout_irregular_city,
          grunt_temple_overflow_champion_of_chaos, kennysheep_mini,
          nicolae_overflow_hidden_temple, serial_ice, serial_ice_h,
          serial_ice_l, serial_ice_d, serial_ice_b, serial_ice_c, serial_ice_m,
          serial_ice_f, serial_ice_g, minivault_14, minmay_misc_feat_x
D:10:     layout_basic, lemuel_another_geyser, uniq_snorg
D:11:     layout_cave_pools, lair_entry_dummy, orc_0_dummy,
          ebering_ghost_rock_garden
D:12:     layout_long_grid, basic_altar, portal_ice_cave_rime, serial_shops,
          nicolae_shop_waterfront, uniq_jorgrun
Temple:   dpeg_three_leaves_temple

Skill      XL: |  1  2  3  4  5  6  7  8  9 10 11 |
---------------+----------------------------------+-----
Fighting       | 1 2 3 4 5 7 8 9 10 | 10.1
Earth Magic    | 5 6 7 8 9 11 12 13 14 | 14.2
Spellcasting   | 3 5 6 7 |  7.2
Dodging        | |  2.1
Stealth        | |  2.4
Transmutations | |  0.8

Action                   |  1- 3 |  4- 6 |  7- 9 | 10-12 || total
-------------------------+-------+-------+-------+-------++-------
Melee: Mace              |     5 |    24 |     5 |       ||    34
       Short sword       |     3 |     5 |       |       ||     8
       Quarterstaff      |       |       |    37 |   103 ||   140
Throw: Dart              |       |       |     2 |       ||     2
       Stone             |       |       |     1 |     1 ||     2
 Cast: Sandblast         |    40 |    83 |   126 |    87 ||   336
       Stone Arrow       |       |    11 |    68 |    70 ||   149
       Petrify           |       |       |       |    10 ||    10
       Lee's Rapid Decon |       |       |       |     6 ||     6
 Abil: Heal Wounds       |       |     1 |     2 |     3 ||     6
Evoke: Wand              |       |       |     6 |    13 ||    19
       Lamp of fire      |       |       |     1 |       ||     1
  Use: Scroll            |     5 |     6 |    15 |     3 ||    29
       Potion            |     1 |     5 |     9 |     2 ||    17
 Stab: Petrified         |       |       |       |    31 ||    31
       Distracted        |       |       |       |     1 ||     1
  Eat: Chunk             |     3 |    19 |    34 |    11 ||    67
       Ration            |       |       |     2 |     1 ||     3
Armor: Robe              |     4 |    13 |    31 |    20 ||    68
Dodge: Dodged            |    20 |    56 |    69 |    88 ||   233
Block: Other             |       |       |       |    30 ||    30
       Reflection        |       |       |       |     2 ||     2
